General information
- name: BNet
- type: Ladder team game (AT/RT)
- host: Battle.net
- saver: GOKUMaN69
map: RiverOfSouls
- players: 6
- length: 51:50
- speed: Fast
- version: 1.21 W3XP
- replay type: Public
» download(264 KB)
Players
team 1 (winner)
GOKUMaN69 (
pink | 77 APM | 3980 actions | 51:50)
6 Archmage
3 Blizzard
2 Brilliance Aura
1 Mass Teleport
8 Warden
3 Blink
2 Shadow Strike
1 Spirit of Vengeance
2 Fan of Knives
4 Blademaster
2 Critical Strike
1 Wind Walk
1 Bladestorm
» actions
| Assign group hotkey | 18 | |
| Basic commands | 3 | |
| Build / train | 256 | |
| Enter build submenu | 98 | |
| Enter hero's abilities submenu | 19 | |
| Give item / drop item | 5 | |
| Remove unit from queue | 6 | |
| Right click | 2090 | |
| Select / deselect | 1069 | |
| Select group hotkey | 32 | |
| Use ability | 384 | |
3980 total
» units
| Peasant | 11 | |
| Wisp | 3 | |
| Mortar Team | 10 | |
| Sorceress | 3 | |
| Chimaera | 12 | |
| Troll Batrider | 34 | |
73 total
» upgrades
| Masonry | 3 | |
| Gunpowder | 1 | |
| Armor | 1 | |
| Lumber Harvesting | 2 | |
| Ultravision | 1 | |
| Strength of the Wild | 3 | |
| Reinforced Hides | 3 | |
| Magic Sentry | 1 | |
| Sorceress Training | 1 | |
| Flare | 1 | |
| Corrosive Breath | 1 | |
| Fragmentation Shards | 1 | |
| Well Spring | 1 | |
20 total
» buildings
| Altar of Kings | 1 | |
| Farm | 7 | |
| Lumber Mill | 1 | |
| Scout Tower | 94 | |
| Guard Tower | 107 | |
| Tree of Ages | 2 | |
| Keep | 2 | |
| Blacksmith | 1 | |
| Hunter's Hall | 1 | |
| Moon Well | 12 | |
| Tree of Eternity | 2 | |
| Ancient of Wind | 1 | |
| Arcane Sanctum | 1 | |
| Ancient of Wonders | 1 | |
| Chimaera Roost | 2 | |
| Workshop | 1 | |
| Arcane Tower | 6 | |
| Castle | 1 | |
| Watch Tower | 6 | |
| Orc Burrow | 4 | |
| Town Hall | 2 | |
255 total
» build order
00:06 Altar of Kings
00:24 Farm
00:39 Lumber Mill
01:05 Farm
01:09 Farm
01:14 Scout Tower
01:32 Scout Tower
01:49 Guard Tower
01:50 Guard Tower
01:54 Scout Tower
02:02 Guard Tower
02:02 Guard Tower
02:04 Scout Tower
02:06 Scout Tower
02:07 Scout Tower
02:22 Guard Tower
02:23 Guard Tower
02:32 Guard Tower
02:32 Guard Tower
02:40 Scout Tower
02:56 Guard Tower
03:23 Scout Tower
03:23 Guard Tower
03:23 Guard Tower
03:33 Scout Tower
03:34 Guard Tower
03:34 Guard Tower
03:51 Guard Tower
03:53 Scout Tower
03:54 Scout Tower
03:55 Scout Tower
03:56 Scout Tower
04:00 Scout Tower
04:01 Scout Tower
04:04 Scout Tower
04:05 Guard Tower
04:05 Guard Tower
04:24 Guard Tower
04:33 Scout Tower
04:34 Guard Tower
04:34 Guard Tower
04:41 Guard Tower
04:42 Scout Tower
05:17 Scout Tower
05:18 Guard Tower
05:18 Guard Tower
05:19 Guard Tower
05:21 Guard Tower
05:22 Scout Tower
05:31 Tree of Ages
05:51 Scout Tower
05:52 Guard Tower
05:52 Guard Tower
05:54 Scout Tower
05:57 Scout Tower
05:58 Guard Tower
05:59 Guard Tower
06:06 Scout Tower
06:08 Keep
06:09 Keep
06:11 Farm
06:12 Blacksmith
06:27 Scout Tower
06:28 Guard Tower
06:28 Guard Tower
06:30 Scout Tower
06:36 Hunter's Hall
06:39 Moon Well
06:40 Moon Well
06:42 Moon Well
06:43 Moon Well
06:43 Moon Well
06:45 Moon Well
06:48 Moon Well
06:48 Moon Well
06:50 Moon Well
06:51 Moon Well
06:56 Guard Tower
06:57 Scout Tower
07:05 Farm
07:12 Guard Tower
07:14 Scout Tower
07:17 Scout Tower
07:18 Scout Tower
07:46 Scout Tower
07:47 Guard Tower
07:47 Guard Tower
07:55 Tree of Eternity
07:58 Ancient of Wind
08:05 Guard Tower
08:40 Guard Tower
08:40 Guard Tower
08:44 Scout Tower
08:45 Scout Tower
08:45 Guard Tower
08:45 Guard Tower
08:54 Scout Tower
08:56 Scout Tower
08:56 Scout Tower
08:58 Scout Tower
08:58 Scout Tower
08:59 Scout Tower
09:17 Arcane Sanctum
09:37 Guard Tower
09:37 Guard Tower
09:42 Scout Tower
09:43 Scout Tower
09:45 Scout Tower
09:56 Guard Tower
09:56 Guard Tower
09:57 Guard Tower
10:03 Ancient of Wonders
10:18 Chimaera Roost
10:43 Workshop
11:12 Scout Tower
11:13 Guard Tower
11:13 Guard Tower
11:38 Guard Tower
11:38 Guard Tower
11:49 Chimaera Roost
12:09 Guard Tower
12:31 Scout Tower
12:39 Scout Tower
12:40 Scout Tower
12:43 Arcane Tower
13:03 Arcane Tower
13:03 Arcane Tower
13:05 Scout Tower
13:06 Scout Tower
14:08 Castle
14:09 Guard Tower
14:48 Scout Tower
14:49 Scout Tower
14:50 Scout Tower
14:52 Scout Tower
14:53 Scout Tower
14:55 Scout Tower
14:59 Scout Tower
15:00 Scout Tower
15:01 Scout Tower
15:05 Scout Tower
15:07 Scout Tower
16:00 Arcane Tower
16:44 Guard Tower
16:46 Scout Tower
16:47 Guard Tower
16:48 Guard Tower
18:28 Farm
18:50 Moon Well
18:51 Moon Well
18:59 Guard Tower
21:12 Scout Tower
21:13 Scout Tower
21:29 Watch Tower
21:30 Watch Tower
21:52 Scout Tower
21:53 Scout Tower
23:17 Guard Tower
23:18 Scout Tower
23:19 Scout Tower
23:20 Guard Tower
23:21 Guard Tower
23:22 Guard Tower
23:23 Guard Tower
23:25 Scout Tower
23:26 Scout Tower
23:27 Scout Tower
23:39 Watch Tower
23:40 Watch Tower
23:40 Watch Tower
23:41 Watch Tower
23:46 Guard Tower
23:46 Guard Tower
23:48 Guard Tower
23:51 Scout Tower
23:53 Scout Tower
23:54 Scout Tower
23:56 Scout Tower
23:58 Scout Tower
23:59 Scout Tower
24:00 Scout Tower
24:01 Guard Tower
24:01 Guard Tower
24:03 Scout Tower
24:03 Scout Tower
24:47 Guard Tower
24:55 Guard Tower
24:56 Guard Tower
24:57 Scout Tower
24:59 Guard Tower
25:01 Scout Tower
25:02 Scout Tower
25:03 Scout Tower
25:30 Guard Tower
25:30 Guard Tower
25:31 Scout Tower
25:55 Guard Tower
25:55 Guard Tower
26:40 Guard Tower
26:42 Scout Tower
26:42 Scout Tower
26:55 Scout Tower
26:55 Guard Tower
26:56 Guard Tower
27:14 Guard Tower
27:34 Orc Burrow
27:35 Orc Burrow
27:35 Orc Burrow
28:03 Farm
29:20 Guard Tower
29:20 Guard Tower
29:25 Town Hall
29:29 Scout Tower
30:28 Scout Tower
30:29 Guard Tower
30:29 Guard Tower
30:33 Scout Tower
30:35 Guard Tower
30:35 Guard Tower
30:36 Scout Tower
30:56 Orc Burrow
31:00 Scout Tower
31:00 Guard Tower
31:01 Guard Tower
31:21 Guard Tower
31:21 Guard Tower
31:22 Scout Tower
32:33 Guard Tower
32:33 Guard Tower
35:46 Town Hall
41:07 Scout Tower
41:09 Scout Tower
45:44 Guard Tower
» items
| Scroll of Town Portal | 7 | |
| Orb of Venom | 1 | |
8 total
Mr.Wookums (
orange | 49 APM | 828 actions | 16:51)
3 Blademaster
2 Wind Walk
1 Critical Strike
» actions
| Assign group hotkey | 10 | |
| Build / train | 42 | |
| Enter build submenu | 23 | |
| Enter hero's abilities submenu | 3 | |
| Remove unit from queue | 1 | |
| Right click | 485 | |
| Select / deselect | 180 | |
| Select group hotkey | 24 | |
| Use ability | 60 | |
828 total
» units
» upgrades
| Ranged Weapons | 1 | |
| Liquid Fire | 1 | |
| Reinforced Defenses | 1 | |
3 total
» buildings
| Altar of Storms | 1 | |
| War Mill | 1 | |
| Orc Burrow | 4 | |
| Watch Tower | 18 | |
| Stronghold | 1 | |
| Voodoo Lounge | 1 | |
| Beastiary | 2 | |
| Fortress | 1 | |
29 total
» build order
00:08 Altar of Storms
00:20 War Mill
00:32 Orc Burrow
01:34 Watch Tower
01:49 Watch Tower
02:14 Watch Tower
02:32 Watch Tower
03:34 Watch Tower
03:38 Watch Tower
03:54 Stronghold
04:15 Voodoo Lounge
04:39 Orc Burrow
04:41 Orc Burrow
05:52 Watch Tower
05:53 Watch Tower
05:56 Watch Tower
06:07 Watch Tower
06:19 Beastiary
06:19 Beastiary
06:46 Orc Burrow
07:04 Watch Tower
07:05 Watch Tower
07:11 Fortress
08:06 Watch Tower
10:26 Watch Tower
10:27 Watch Tower
11:06 Watch Tower
11:08 Watch Tower
11:19 Watch Tower
» items
| Boots of Speed | 1 | |
| Staff of Teleportation | 1 | |
| Healing Salve | 1 | |
| Lesser Clarity Potion | 1 | |
| Scroll of Town Portal | 1 | |
| Orb of Lightning | 1 | |
6 total
NasbiN (
red | 76 APM | 413 actions | 05:24)
1 Warden
1 Shadow Strike
» actions
| Assign group hotkey | 21 | |
| Basic commands | 4 | |
| Build / train | 21 | |
| ESC pressed | 2 | |
| Enter build submenu | 8 | |
| Enter hero's abilities submenu | 1 | |
| Right click | 130 | |
| Select / deselect | 40 | |
| Select group hotkey | 178 | |
| Use ability | 8 | |
413 total
» units
» buildings
| Altar of Elders | 1 | |
| Moon Well | 3 | |
4 total
» build order
00:21 Altar of Elders
00:57 Moon Well
02:05 Moon Well
02:23 Moon Well
team 2 (loser)
cheapgenie (
purple | 59 APM | 3082 actions | 51:49)
4 Death Knight
2 Death Coil
2 Unholy Aura
4 Lich
2 Frost Nova
2 Frost Armor
» actions
| Assign group hotkey | 77 | |
| Basic commands | 21 | |
| Build / train | 61 | |
| Enter build submenu | 22 | |
| Enter hero's abilities submenu | 8 | |
| Give item / drop item | 1 | |
| Right click | 1708 | |
| Select / deselect | 418 | |
| Select group hotkey | 572 | |
| Use ability | 194 | |
3082 total
» units
| Acolyte | 5 | |
| Ghoul | 4 | |
| Crypt Fiend | 7 | |
| Obsidian Statue | 2 | |
| Meatwagon | 4 | |
| Abomination | 1 | |
| Frost Wyrm | 11 | |
34 total
» upgrades
| Creature Carapace | 2 | |
| Burrow | 1 | |
| Creature Attack | 2 | |
| Web | 1 | |
| Disease Cloud | 1 | |
| Freezing Breath | 1 | |
8 total
» buildings
| Crypt | 1 | |
| Graveyard | 1 | |
| Ziggurat | 11 | |
| Altar of Darkness | 1 | |
| Tomb of Relics | 1 | |
| Spirit Tower | 1 | |
| Halls of the Dead | 1 | |
| Nerubian Tower | 1 | |
| Slaughterhouse | 2 | |
| Black Citadel | 1 | |
| Sacrificial Pit | 1 | |
| Boneyard | 2 | |
24 total
» build order
00:07 Crypt
00:08 Graveyard
00:39 Ziggurat
00:58 Altar of Darkness
01:26 Tomb of Relics
02:23 Ziggurat
03:40 Spirit Tower
04:50 Halls of the Dead
05:14 Ziggurat
05:18 Nerubian Tower
07:14 Slaughterhouse
07:19 Black Citadel
09:08 Ziggurat
09:22 Sacrificial Pit
11:20 Slaughterhouse
11:25 Ziggurat
13:44 Ziggurat
17:08 Boneyard
17:13 Boneyard
17:33 Ziggurat
17:36 Ziggurat
17:38 Ziggurat
17:41 Ziggurat
17:44 Ziggurat
» items
| Rod of Necromancy | 1 | |
| Dust of Appearance | 1 | |
| Orb of Corruption | 1 | |
| Scroll of Town Portal | 1 | |
4 total
Chow.Fan (
teal | 63 APM | 3253 actions | 51:49)
4 Priestess of the Moon
2 Trueshot Aura
1 Scout
1 Searing Arrows
3 Keeper of the Grove
1 Thorns Aura
2 Entangling Roots
» actions
| Assign group hotkey | 19 | |
| Basic commands | 216 | |
| Build / train | 61 | |
| ESC pressed | 3 | |
| Enter build submenu | 29 | |
| Enter hero's abilities submenu | 7 | |
| Give item / drop item | 4 | |
| Right click | 1238 | |
| Select / deselect | 483 | |
| Select group hotkey | 1122 | |
| Use ability | 71 | |
3253 total
» units
| Wisp | 22 | |
| Archer | 4 | |
| Dryad | 5 | |
| Chimaera | 4 | |
35 total
» upgrades
| Abolish Magic | 1 | |
| Ultravision | 1 | |
| Nature's Blessing | 1 | |
| Corrosive Breath | 1 | |
| Strength of the Wild | 3 | |
| Reinforced Hides | 2 | |
9 total
» buildings
| Altar of Elders | 1 | |
| Moon Well | 9 | |
| Ancient of War | 1 | |
| Tree of Ages | 1 | |
| Hunter's Hall | 1 | |
| Ancient of Wonders | 1 | |
| Ancient of Lore | 1 | |
| Tree of Eternity | 1 | |
| Ancient of Wind | 1 | |
| Tree of Life | 3 | |
| Chimaera Roost | 3 | |
23 total
» build order
00:05 Altar of Elders
00:23 Moon Well
00:27 Ancient of War
01:43 Moon Well
02:44 Tree of Ages
02:52 Moon Well
04:27 Hunter's Hall
04:31 Ancient of Wonders
05:52 Ancient of Lore
07:53 Moon Well
10:00 Moon Well
10:02 Tree of Eternity
10:59 Ancient of Wind
12:33 Tree of Life
21:10 Chimaera Roost
21:12 Chimaera Roost
25:04 Chimaera Roost
26:52 Moon Well
26:57 Moon Well
27:07 Moon Well
27:49 Moon Well
35:43 Tree of Life
40:59 Tree of Life
» items
| Potion of Healing | 1 | |
| Scroll of Healing | 1 | |
| Scroll of Protection | 1 | |
| Scroll of Town Portal | 3 | |
6 total
Zygote. (
blue | 71 APM | 3674 actions | 51:49)
4 Death Knight
2 Death Coil
2 Unholy Aura
3 Lich
2 Frost Nova
1 Frost Armor
» actions
| Assign group hotkey | 50 | |
| Basic commands | 81 | |
| Build / train | 64 | |
| ESC pressed | 1 | |
| Enter build submenu | 22 | |
| Enter hero's abilities submenu | 8 | |
| Give item / drop item | 3 | |
| Remove unit from queue | 3 | |
| Right click | 1829 | |
| Select / deselect | 774 | |
| Select group hotkey | 754 | |
| Use ability | 85 | |
3674 total
» units
| Acolyte | 9 | |
| Ghoul | 3 | |
| Crypt Fiend | 8 | |
| Obsidian Statue | 4 | |
| Meatwagon | 14 | |
38 total
» upgrades
| Creature Attack | 2 | |
| Web | 1 | |
| Burrow | 1 | |
| Unholy Armor | 1 | |
5 total
» buildings
| Crypt | 1 | |
| Graveyard | 1 | |
| Altar of Darkness | 1 | |
| Ziggurat | 8 | |
| Tomb of Relics | 1 | |
| Nerubian Tower | 1 | |
| Halls of the Dead | 1 | |
| Black Citadel | 1 | |
| Slaughterhouse | 3 | |
| Sacrificial Pit | 1 | |
| Spirit Tower | 1 | |
| Necropolis | 1 | |
21 total
» build order
00:09 Crypt
00:15 Graveyard
00:32 Altar of Darkness
01:02 Ziggurat
01:30 Tomb of Relics
02:11 Ziggurat
02:58 Nerubian Tower
04:47 Ziggurat
05:18 Halls of the Dead
06:03 Ziggurat
07:35 Ziggurat
08:42 Black Citadel
09:41 Slaughterhouse
11:05 Sacrificial Pit
12:00 Slaughterhouse
12:22 Slaughterhouse
12:48 Ziggurat
12:54 Ziggurat
17:34 Spirit Tower
21:09 Ziggurat
21:13 Necropolis
» items
| Rod of Necromancy | 1 | |
| Dust of Appearance | 1 | |
| Scroll of Town Portal | 1 | |
| Orb of Corruption | 1 | |
4 total
Chat log
(00:12 / All) cheapgenie: hey sexy's
(00:27 / All) Zygote.: hes drunk
(00:32 / All) GOKUMaN69: cool
(00:35 / All) GOKUMaN69: cool2
(21:39 / All) GOKUMaN69: if I win this
(21:45 / All) GOKUMaN69: never play again
(35:59 / All) GOKUMaN69: I think you lost 3v1
(36:10 / All) cheapgenie: cant u just leave lol
(36:14 / All) GOKUMaN69: nope
(36:16 / All) GOKUMaN69: quit
(36:20 / All) GOKUMaN69: thanks for the win
(40:56 / All) GOKUMaN69: Gg
(41:40 / All) GOKUMaN69: just quit please manner
(41:42 / All) GOKUMaN69: up
(42:42 / All) GOKUMaN69: again
(42:47 / All) GOKUMaN69: Gg nice playing u
(42:59 / All) GOKUMaN69: you got owned 3v1
(44:47 / All) GOKUMaN69: Gg mates
(44:48 / All) cheapgenie: k gg
(44:50 / All) cheapgenie: we're noobs
(44:54 / All) cheapgenie: bye
(44:55 / All) GOKUMaN69: I know
(44:59 / All) GOKUMaN69: see you
(45:27 / All) GOKUMaN69: alt QQ
(49:36 / All) GOKUMaN69: never play again
(49:49 / All) GOKUMaN69: I wouldn't
(49:55 / All) GOKUMaN69: if I lost 1v3